 Dungeon Crawl Stone Soup version 0.27-a0-590-g94244163b4 (webtiles) character file.

Game seed: 14349360841033765433

9099 tilp the Transmogrifier (level 11, -12/81 (86) HPs)
             Began as an Octopode Transmuter on Mar 10, 2021.
             Was a Follower of Okawaru.
             Mangled by a death scarab (22 damage)
             ... in a Gauntlet.
             The game lasted 00:37:42 (18727 turns).

tilp the Transmogrifier (Octopode Transmuter)      Turns: 18727, Time: 00:37:43

HP:   -12/81 (86)   AC: 12    Str:  9    XL:     11   Next: 41%
MP:   28/29         EV: 17    Int: 31    God:    Okawaru [*.....]
Gold: 42            SH:  0    Dex: 19    Spells: 5/22 levels left

rFire    . . .     SeeInvis .     - Unarmed
rCold    + + +     Faith    +   (shield currently unavailable)
rNeg     . . .     Spirit   .   (helmet currently unavailable)
rPois    +         Reflect  .   H - amulet "Hamety" {Faith rElec rF+}
rElec    +         Harm     .   m - +6 ring of intelligence
rCorr    .         Rampage  .   r - +4 ring of evasion
Will     .....     NoTele   +   y - ring of magical power
Stlth    +++.......             A - +6 ring of intelligence
HPRegen  0.23/turn              B - ring of protection from cold
MPRegen  0.21/turn              b - +6 ring of dexterity
                                I - +4 ring of protection
                                (no ring)

@: ice-form, slowed, drained, very slow
A: large, almost no armour, amphibious, 8 rings
a: End Transformation, Renounce Religion, Heroism


You were in a Gauntlet.
You worshipped Okawaru.
Okawaru was aware of your devotion.
You were a creature of crystalline ice.
You visited 2 branches of the dungeon, and saw 12 of its levels.
You also visited: Bailey and Gauntlet.

You collected 774 gold pieces.
You spent 732 gold pieces at shops.

Inventory:

Missiles
 l - 4 javelins
 q - 5 silver boomerangs
 s - 7 throwing nets {!f}
 w - 8 boomerangs (quivered)
Armour
 o - a +3 buckler (melded)
Jewellery
 b - a +6 ring of dexterity (on tentacle)
 m - a +6 ring of intelligence (left front paw)
 r - a +4 ring of evasion (right front paw)
 y - a ring of magical power (on tentacle)
 A - a +6 ring of intelligence (on tentacle)
 B - a ring of protection from cold (on tentacle)
 H - the amulet "Hamety" (around neck) {Faith rElec rF+}
   (You found it in a Gauntlet)

   [amulet of faith]

   It allows you to gain divine favour quickly.
   It protects you from fire.
   It insulates you from electricity.
 I - a +4 ring of protection (on tentacle)
 J - an amulet of reflection
Wands
 t - a wand of acid (4)
 D - a wand of flame (15)
 E - a wand of paralysis (8)
Scrolls
 a - 2 scrolls of fog
 d - 3 scrolls of amnesia
 f - a scroll of random uselessness {unknown}
 g - 8 scrolls of teleportation
 i - 2 scrolls of fear
 u - a scroll of blinking
 v - a scroll of immolation {unknown}
 F - a scroll of vulnerability {unknown}
Potions
 c - a potion of mutation
 e - a potion of attraction
 h - 4 potions of brilliance
 j - a potion of ambrosia
 k - 5 potions of curing
 n - a potion of haste
 p - 3 potions of might
 x - a potion of flight
 z - 5 potions of lignification
 C - a potion of cancellation
 G - a potion of berserk rage


   Skills:
 - Level 6.0 Fighting
 - Level 6.0 Dodging
 - Level 4.0 Stealth
 - Level 4.0 Shields
 - Level 8.0 Unarmed Combat
 - Level 6.0 Spellcasting
 - Level 10.0 Transmutations
 - Level 2.0 Ice Magic
 - Level 2.0 Poison Magic
 + Level 1.6 Invocations
 - Level 4.0 Evocations


You had 5 spell levels left.
You knew the following spells:

 Your Spells              Type           Power      Damage    Failure   Level
a - Beastly Appendage     Tmut           100%       N/A       1%          1
b - Wereblood             Tmut           63%        N/A       1%          2
c - Spider Form           Tmut/Pois      23%        N/A       1%          3
d - Ice Form              Ice/Tmut       46%        N/A       4%          4
e - Blade Hands           Tmut           31%        N/A       2%          5
f - Blink                 Tloc           N/A        N/A       8%          2

Your spell library contained the following spells:

 Spells                   Type           Power      Damage    Failure   Level
 Freeze                   Ice            84%        1d10      2%          1
 Magic Dart               Conj           36%        1d4       4%          1
 Frozen Ramparts          Ice            42%        1d6       6%          3
 Ozocubu's Armour         Ice            21%        N/A       6%          3
 Call Imp                 Summ           9%         N/A       8%          2
 Searing Ray              Conj           18%        3d3       8%          2
 Slow                     Hex            9%         N/A       8%          2
 Mephitic Cloud           Conj/Pois/Air  13%        N/A       12%         3
 Conjure Flame            Conj/Fire      9%         6-21      14%         3
 Dazzling Flash           Conj/Hex       18%        N/A       14%         3
 Yara's Violent Unravell  Hex/Tmut       20%        3d9       17%         5
 Hailstorm                Conj/Ice       15%        3d5       32%         4
 Summon Ice Beast         Ice/Summ       15%        N/A       32%         4
 Cause Fear               Hex            4%         N/A       43%         4
 Fulminant Prism          Conj/Hex       4%         3d6       43%         4
 Iskenderun's Mystic Bla  Conj/Tloc      9%         2d4       43%         4
 Silence                  Hex/Air        4%         N/A       80%         5
 Discord                  Hex            4%         N/A       100%        8


Dungeon Overview and Level Annotations

Branches:
Dungeon (11/15)            Temple (1/1) D:4            Lair (0/6) D:8
    Orc (0/2) D:11         Bailey (visited)         Gauntlet (1/1)

Altars:
Ashenzari
Cheibriados
Dithmenos
Elyvilon
Fedhas
Gozag
Hepliaklqana
Kikubaaqudgha
Makhleb
Nemelex Xobeh
Okawaru
Qazlal
Ru
Sif Muna
Trog
Uskayaw
Vehumet
Wu Jian
Xom
Yredelemnul
Zin
The Shining One

Shops:
D:4 *((*:   D:7 !!?([

Annotations:
D:6 electric eel vault, exclusion: upstairs
D:8 unopened vault, exclusion: 2 doors Gauntlet 9 transporters


Innate Abilities, Weirdness & Mutations

You cannot wear most types of armour.
You are amphibious.
You can wear up to eight rings at the same time.
((Your skin changes colour to match your surroundings (Stealth+).))
((Your rubbery body absorbs attacks. (AC +1, EV +1)))
((You are stealthy while swimming. (Stealth+)))
((You have tentacles for arms and can constrict up to eight enemies at once.))


Message History

You see here a staff of conjuration.
The death scarab barely misses you.
The death scarab bites you but does no damage.
There is a transporter here.
As you read the scroll of fear, it crumbles to dust.
You assume a fearsome visage.
The spectral seven-headed hydra is unaffected.
The death scarab is unaffected.
The death scarab bites you but does no damage.
The spectral seven-headed hydra bites you but does no damage.
The spectral seven-headed hydra bites you.
* * * LOW HITPOINT WARNING * * *
The spectral seven-headed hydra bites you but does no damage. x2
The spectral seven-headed hydra barely misses you.
The spectral seven-headed hydra misses you.
The spectral seven-headed hydra bites you.
* * * LOW HITPOINT WARNING * * *
Really quaff the potion of lignification?
Okay, then.
You punch the spectral seven-headed hydra!
You freeze the spectral seven-headed hydra.
The spectral seven-headed hydra is moderately damaged.
The death scarab barely misses you.
The spectral seven-headed hydra bites you.
* * * LOW HITPOINT WARNING * * *
You feel drained.
* * * LOW HITPOINT WARNING * * *
The spectral seven-headed hydra misses you.
The spectral seven-headed hydra bites you but does no damage.
The spectral seven-headed hydra bites you!
* * * LOW HITPOINT WARNING * * *
You feel drained.
* * * LOW HITPOINT WARNING * * *
The spectral seven-headed hydra misses you.
The spectral seven-headed hydra closely misses you. x2
You punch the spectral seven-headed hydra!
You freeze the spectral seven-headed hydra.
The spectral seven-headed hydra is heavily damaged.
The death scarab bites you!!
You die...

.#....##...#.#..#..#.#..#8#
.#..^.b#...#..##.##..#..###
#......#...#.........#..#
########...###########..###
#.©.#....≈....#.©.#.....#8#
#...#...≈8≈...#...#.8...###
#.©.#....§....#.©.#.....#
########...###########..###
.$©[...#...#..|BY(...#..#8#
.......#...#.#.Z...#.#..###
######.#...#.##...##.#..#
.#.#.#.#...#..#####..#..###
..©....#...#....©....#..#8#
#.#.#.##...#..##.##..#..###
######.#...#.##...##.#..#
.......#...#.#.....#.#..###
.......#..§#.........#..#8#


You could see a spectral seven-headed hydra and a death scarab.

Vanquished Creatures
  A two-headed ogre (D:8)
  An unseen horror (D:9)
  Pikel (D:7)
  Joseph (D:7)
  An ice statue (Gauntlet)
  2 centaur zombies
  A wyvern (D:8)
  Edmund (D:4)
  Menkaure (D:4)
  3 wargs (D:8)
  A water moccasin (D:5)
  2 ice beasts
  A black bear (D:10)
  A sky beast (D:8)
  4 orc warriors
  3 ogres
  2 centaurs
  2 phantoms
  Blork the orc (D:6)
  6 bullfrogs
  A water moccasin zombie (D:9)
  8 gnoll sergeants (Bailey)
  3 scorpions
  A water moccasin skeleton (D:6)
  15 wights
  5 howler monkeys
  8 hounds
  Crazy Yiuf (D:4)
  2 bullfrog zombies
  A centaur skeleton (D:10)
  10 orc priests
  6 gnoll shamans (Bailey)
  5 jellies
  3 bullfrog skeletons
  2 iguanas
  13 orc wizards
  Ijyb (D:4)
  Natasha (thrice) (D:2)
  10 worker ants
  A mummy (D:9)
  A hound skeleton (D:6)
  2 worker ant zombies
  20 gnolls
  7 adders
  A shadow imp (D:6)
  3 white imps
  2 ufetubi
  2 oozes
  2 adder skeletons
  6 worms
  10 dart slugs
  4 leopard geckos
  53 orcs
  5 bats
  11 giant cockroaches
  18 goblins
  16 hobgoblins
  21 jackals
  7 kobolds
  4 quokkas
  2 frilled lizards
  A giant cockroach zombie (D:5)
  A leopard gecko skeleton (D:6)
  3 leopard gecko zombies
  2 quokka skeletons
  8 rats
347 creatures vanquished.

Vanquished Creatures (others)
  A rime drake (Gauntlet)
  A human (D:6)
  23 demonic plants (Gauntlet)
25 creatures vanquished.

Grand Total: 372 creatures vanquished

Notes
Turn   | Place    | Note
-------+----------+-------------------------------------------
     0 | D:1      | tilp the Octopode Transmuter began the quest for the Orb.
     0 | D:1      | Reached XP level 1. HP: 13/13 MP: 3/3
    17 | D:1      | Reached skill level 1 in Stealth
   274 | D:1      | Found a broken altar of Ashenzari.
   278 | D:1      | Reached XP level 2. HP: 18/18 MP: 5/5
   490 | D:1      | Learned a level 2 spell: Wereblood
   685 | D:1      | Reached XP level 3. HP: 17/23 MP: 6/6
  1795 | D:2      | Noticed Natasha
  1805 | D:2      | Killed Natasha
  1806 | D:2      | Reached XP level 4. HP: 19/29 MP: 7/7
  1914 | D:2      | Noticed Natasha
  1924 | D:2      | Killed Natasha
  2398 | D:2      | Found a faded altar of an unknown god.
  2403 | D:2      | Noticed Natasha
  2416 | D:2      | Killed Natasha
  2417 | D:2      | Reached XP level 5. HP: 31/35 MP: 5/8
  3922 | D:3      | Reached XP level 6. HP: 41/42 MP: 7/9
  4361 | D:4      | Found Cikkouwk's Book Shoppe.
  4361 | D:4      | Found Lecwiron's Antique Weapon Emporium.
  4386 | D:4      | Noticed Edmund
  4391 | D:4      | Found Pyl Qode's Weapon Shop.
  4396 | D:4      | Reached skill level 5 in Unarmed Combat
  4685 | D:4      | Noticed an orc warrior
  4710 | D:4      | Found a glowing golden altar of the Shining One.
  4724 | D:4      | Noticed an angel
  4901 | D:4      | Found a basalt altar of Yredelemnul.
  4903 | D:4      | Noticed a profane servitor
  4952 | D:4      | Found a staircase to the Ecumenical Temple.
  4958 | Temple   | Entered the Ecumenical Temple
  5074 | D:4      | Reached XP level 7. HP: 44/48 MP: 10/10
  5118 | D:4      | Found Kiskaad's General Store.
  5125 | D:4      | Bought a +0 buckler for 63 gold pieces
  5142 | D:4      | Found Qysophur's Assorted Antiques.
  5407 | D:4      | Noticed Menkaure
  5424 | D:4      | Killed Menkaure
  5429 | D:4      | Learned a level 3 spell: Spider Form
  5794 | D:4      | Reached skill level 1 in Poison Magic
  5847 | D:4      | Noticed Ijyb
  5979 | D:4      | Killed Ijyb
  6050 | D:4      | Killed Edmund
  6051 | D:4      | Reached skill level 3 in Transmutations
  6280 | D:4      | Found a runed translucent door.
  6281 | D:4      | Noticed Crazy Yiuf
  6346 | D:4      | Found a shimmering blue altar of Sif Muna.
  6443 | D:5      | Entered Level 5 of the Dungeon
  6449 | D:5      | Reached XP level 8. HP: 54/54 MP: 12/12
  6809 | D:5      | Reached skill level 4 in Transmutations
  7336 | D:5      | Learned a level 4 spell: Ice Form
  7406 | D:6      | Reached skill level 5 in Transmutations
  7457 | D:6      | Reached skill level 6 in Transmutations
  7479 | D:6      | Reached XP level 9. HP: 35/58 MP: 13/15
  7752 | D:6      | Reached skill level 1 in Ice Magic
  8215 | D:6      | Noticed Blork the orc
  8236 | D:6      | Killed Blork the orc
  8484 | D:6      | Reached skill level 7 in Transmutations
  8691 | D:6      | Found an ancient bone altar of Kikubaaqudgha.
  9288 | D:6      | Reached skill level 8 in Transmutations
  9335 | D:6      | Identified the +5 robe of the Chupacabra {rPois}
 10462 | D:4      | Bought a large peridot ring for 105 gold pieces
 10541 | D:7      | Found a flagged portal.
 10563 | Bailey   | Entered a bailey
 10973 | Bailey   | Reached skill level 5 in Fighting
 10973 | Bailey   | Reached XP level 10. HP: 29/66 MP: 16/16
 12637 | D:7      | Noticed Pikel
 12650 | D:7      | Killed Pikel
 12660 | D:7      | Found Vuipnuif's Distillery.
 12665 | D:7      | Bought a potion of lignification for 30 gold pieces
 12674 | D:7      | Found Feuxtoosi's Distillery.
 12755 | D:7      | Noticed Joseph
 12789 | D:7      | Found Loammu Geak's Magic Scroll Emporium.
 12797 | D:7      | Bought a scroll of identify for 30 gold pieces
 12886 | D:7      | Found Hugihuuv's Antique Weapon Shoppe.
 12887 | D:7      | Found Bont's Antique Armour Boutique.
 12985 | D:7      | Reached skill level 5 in Dodging
 12989 | D:7      | Found a sacrificial altar of Ru.
 13624 | D:8      | Found a staircase to the Lair.
 14438 | D:8      | Noticed a two-headed ogre
 14519 | D:8      | Reached skill level 5 in Spellcasting
 14993 | D:8      | Found a radiant altar of Vehumet.
 14993 | D:8      | Found a sparkling altar of Nemelex Xobeh.
 15045 | D:8      | Found an iron altar of Okawaru.
 15052 | D:8      | Became a worshipper of Warmaster Okawaru
 15634 | D:9      | Found a snail-covered altar of Cheibriados.
 15640 | D:9      | Reached skill level 9 in Transmutations
 15801 | D:10     | Entered Level 10 of the Dungeon
 15836 | D:10     | Learned a level 2 spell: Blink
 16184 | D:10     | Reached XP level 11. HP: 72/72 MP: 19/19
 16348 | D:4      | Bought a +4 ring of protection for 504 gold pieces
 16402 | D:4      | Killed Crazy Yiuf
 16517 | D:9      | Learned a level 5 spell: Blade Hands
 17507 | D:10     | Found a sparkling altar of Nemelex Xobeh.
 17764 | D:7      | Killed Joseph
 17885 | D:8      | Killed a two-headed ogre
 17885 | D:8      | Reached * piety under Okawaru
 17886 | D:8      | Reached skill level 10 in Transmutations
 17886 | D:8      | Reached skill level 1 in Evocations
 18074 | D:8      | Noticed a cyan ugly thing
 18074 | D:8      | Noticed a cyclops
 18074 | D:8      | Noticed a deep elf pyromancer
 18137 | D:9      | Killed an unseen horror
 18260 | D:11     | Found a gate leading to a gauntlet.
 18268 | Gauntlet | Entered a Gauntlet
 18268 | Gauntlet | Found a transporter.
 18268 | Gauntlet | Found a transporter.
 18268 | Gauntlet | Found a transporter.
 18269 | Gauntlet | Found a transporter.
 18272 | Gauntlet | Found a transporter.
 18272 | Gauntlet | Found a transporter.
 18282 | Gauntlet | Noticed a cyclops
 18285 | Gauntlet | Noticed a death scarab
 18286 | Gauntlet | Found a transporter.
 18288 | Gauntlet | Found a transporter.
 18289 | Gauntlet | Noticed a ghost crab
 18295 | Gauntlet | Noticed a hell hog
 18296 | Gauntlet | Found a transporter.
 18372 | Gauntlet | Noticed a large abomination
 18399 | Gauntlet | Found a transporter.
 18401 | Gauntlet | Found a transporter.
 18413 | Gauntlet | Found a transporter.
 18579 | Gauntlet | Reached skill level 1 in Invocations
 18580 | Gauntlet | Identified the amulet "Hamety" {Faith rElec rF+}
 18727 | Gauntlet | Mangled by a death scarab

Illustrated notes

Levels and vault maps discovered:
D:1:      eino_arrival_cavern_d, layout_loops_ring, evilmike_ruin_ashenzari
D:2:      layout_basic, chequers_ecumenical_altar_simple,
          minmay_misc_feat_four_crosses, uniq_natasha
D:3:      layout_basic
D:4:      layout_cave_pools, grunt_temple_overflow_holy_war, led_sif_pool,
          minmay_temple_entry_hall, serial_shops, nicolae_shop_statue_plus,
          nicolae_shop_behind_doors, shop_fountains, shop, shop, uniq_ijyb,
          uniq_crazy_yiuf_cottage, uniq_menkaure, uniq_edmund
D:5:      layout_cave_pools
D:6:      kennysheep_slugbush, layout_loops_ring, hangedman_decor_peaks_small,
          tgw_kikubaaqudgha, uniq_blork_the_orc
D:7:      layout_loops_ring, hangedman_ru_absence, serial_shops, shop_statue,
          kennysheep_little_box, shop, shop_fountains,
          nicolae_shop_window_shopping, enter_bailey_7, uniq_pikel, uniq_joseph
D:8:      minmay_the_grid_triangle_9x9_recursive_2
          [minmay_the_grid_triangle_9x9_prize_top_heavy,
          minmay_the_grid_triangle_9x9_corruption,
          minmay_the_grid_triangle_9x9_negative_grid,
          minmay_the_grid_triangle_9x9_thin_v], layout_loops_corners,
          gammafunk_temple_overflow_forgotten, erik_lair_orcish_takeover
D:9:      layout_rooms, slow_altar_2, minmay_hedge_maze, grunt_decor_fettered
D:10:     layout_cross, basic_altar
D:11:     layout_layer_cave, erik_orc_1, gauntlet_entry_generic, enter_trove_2
Temple:   jpeg_temple_clearing
Gauntlet: gammafunk_gauntlet_hard_choice [gammafunk_gauntlet_arena_hedges,
          gammafunk_gauntlet_arena_open, gammafunk_gauntlet_arena_teeth,
          gammafunk_gauntlet_arena_split_x, nicolae_gauntlet_swirl,
          nicolae_gauntlet_arena_quarters,
          nicolae_gauntlet_exit_dead_adventurers]

Skill      XL: |  1  2  3  4  5  6  7  8  9 10 11 |
---------------+----------------------------------+-----
Stealth        | 2 3 4 |  4.0
Fighting       | 2 3 4 5 6 |  6.0
Unarmed Combat | 4 5 6 7 8 |  8.0
Shields        | 2 4 |  4.0
Poison Magic   | 2 |  2.0
Spellcasting   | 3 4 5 6 |  6.0
Transmutations | 3 6 8 9 10 | 10.0
Ice Magic      | 2 |  2.0
Dodging        | 3 6 |  6.0
Evocations     | 4 |  4.0
Invocations    | 1 |  1.6

Action                   |  1- 3 |  4- 6 |  7- 9 | 10-12 || total
-------------------------+-------+-------+-------+-------++-------
Melee: Unarmed           |    98 |   182 |   392 |   352 ||  1024
       Constrict         |    25 |    57 |    54 |    10 ||   146
       Tentacles         |    12 |    24 |    31 |    17 ||    84
       Kick              |     2 |    27 |    46 |       ||    75
       Punch             |     1 |    10 |    14 |     2 ||    27
Throw: Stone             |       |    12 |       |       ||    12
       Boomerang         |       |       |     1 |     3 ||     4
 Cast: Beastly Appendage |     5 |    21 |    26 |       ||    52
       Wereblood         |     2 |     7 |    15 |    19 ||    43
       Spider Form       |       |       |     9 |     2 ||    11
       Ice Form          |       |       |     7 |    39 ||    46
       Blink             |       |       |       |     3 ||     3
 Abil: End Transformatio |       |       |     1 |       ||     1
Evoke: Wand              |       |       |       |     5 ||     5
  Use: Scroll            |     2 |     3 |     7 |    10 ||    22
       Potion            |       |       |     1 |     1 ||     2
 Stab: Sleeping          |     9 |     5 |     7 |     8 ||    29
       Distracted        |       |     1 |     3 |       ||     4
Armor: Skin              |     6 |     8 |    25 |    63 ||   102
Dodge: Dodged            |    40 |    96 |   256 |   267 ||   659
Block: Buckler           |       |       |    32 |    10 ||    42
       Other             |       |       |       |     2 ||     2

Table legend: (Time is in decaauts)
 A = Elapsed time spent in this place.
 B = Non-inter-level travel time spent in this place.
 C = Inter-level travel time spent in this place.
 D = Time resting spent in this place.
 E = Time spent auto-exploring this place.
 F = Levels seen in this place.
 G = Mean time per level.
                   A        B        C        D        E       F      G
               +--------+--------+--------+--------+--------+-----+--------+
         Total |  18639 |  17531 |   1108 |   5722 |   8258 |  14 | 1331.4 |
       Dungeon |  16046 |  14956 |   1090 |   4361 |   7758 |  11 | 1458.7 |
        Temple |     89 |     71 |     18 |      0 |     70 |   1 |   89.0 |
        Bailey |   2041 |   2041 |      0 |   1245 |    278 |   1 | 2041.0 |
      Gauntlet |    461 |    461 |      0 |    116 |    152 |   1 |  461.0 |
               +--------+--------+--------+--------+--------+-----+--------+

Top non-repeatable levels by time:
     D:6: 3072 daAuts
  Bailey: 2041 daAuts
     D:8: 1925 daAuts
     D:3: 1724 daAuts
     D:1: 1639 daAuts
     D:2: 1629 daAuts
     D:4: 1494 daAuts
     D:9: 1271 daAuts
     D:7: 1186 daAuts
    D:10: 1077 daAuts
     D:5: 976 daAuts
Gauntlet: 461 daAuts
  Temple: 89 daAuts
    D:11: 50 daAuts
